 Dungeon Crawl Stone Soup version 0.31-a0-277-g31ea1f65cc (webtiles) character file.

Game seed: 17316411966307904680

8022 Newt the Spear-Bearer (level 11, 0/90 HPs)
             Began as a Demonspawn Gladiator on July 16, 2023.
             Was an Initiate of Hepliaklqana.
             Slain by an orc warrior
             ... wielding a +0 war axe of pain
             ... led by the fury of Okawaru
              (4 damage)
             ... on level 10 of the Dungeon.
             The game lasted 00:11:25 (8727 turns).

Newt the Spear-Bearer (Demonspawn Gladiator)        Turns: 8727, Time: 00:11:26

Health: 0/90       AC: 18    Str: 24    XL:     11   Next: 4%
Magic:  11/11      EV: 12    Int: 16    God:    Hepliaklqana [......]
Gold:   335        SH:  9    Dex: 15    Spells: 10/10 levels left

rFire   . . .        N - +10 spear "Onunoikhi" {heavy, rPois}
rCold   . . .        (no shield)
rNeg    . . .        i - +1 leather armour {rPois}
rPois   +            c - +0 helmet
rElec   .            F - +0 cloak {Stlth+}
rCorr   .            (no gloves)
SInv    .            A - +0 pair of boots
Will    .....        g - amulet of reflection
Stlth   +++          D - +6 ring of strength
HPRegen 0.35/turn    K - +6 ring of intelligence
MPRegen 0.12/turn

%: reflection
@: about to teleport
A: claws 1, icy blue scales 2, demonic guardian 2, icemail 2, condensation
shield
a: Renounce Religion


You were on level 10 of the Dungeon.
You worshipped Hepliaklqana.
Hepliaklqana was noncommittal.
You visited 2 branches of the dungeon, and saw 11 of its levels.

You collected 567 gold pieces.
You spent 232 gold pieces at shops.

Inventory:

Hand Weapons
 a - a +0 rapier
 n - a +2 dagger of draining
 x - the +8 spear of the Distant Future {flame, rC+ rN+}
   (You found it on level 4 of the Dungeon)

   rC:        It protects you from cold.
   rN:        It protects you from negative energy.
 N - the +10 spear "Onunoikhi" (weapon) {heavy, rPois}
   (You bought it in a shop on level 9 of the Dungeon)

   rPois:     It protects you from poison.
Missiles
 d - 3 throwing nets (quivered)
 e - 4 javelins
 p - 5 boomerangs
Armour
 b - a +0 leather armour
 c - a +0 helmet (worn)
 i - a +1 leather armour of poison resistance (worn)
 o - a +0 kite shield
 v - a +0 cloak
 A - a +0 pair of boots (worn)
 F - a +0 cloak of stealth (worn)
Jewellery
 g - an amulet of reflection (around neck)
 j - a ring of fire
 q - a ring of ice
 D - a +6 ring of strength (left claw)
 H - an amulet of magic regeneration
 K - a +6 ring of intelligence (right claw)
Wands
 l - a wand of acid (11)
 y - a wand of polymorph (2)
 B - a wand of flame (44)
Scrolls
 h - a scroll of teleportation
 r - 2 scrolls of enchant weapon
 t - a scroll of fear
 I - a scroll of vulnerability
Potions
 f - 2 potions of attraction
 k - a potion of haste
 m - a potion of enlightenment
 s - a potion of brilliance
 u - a potion of mutation
 w - a potion of berserk rage
 z - a potion of curing
 C - a potion of magic
 E - 2 potions of might
 G - a potion of resistance
 J - 3 potions of lignification
 L - a potion of cancellation {unknown}
 M - a potion of heal wounds {unknown}


   Skills:
 - Level 10.0 Fighting
 - Level 4.0 Short Blades
 + Level 11.4 Polearms
 - Level 1.7 Throwing
 - Level 2.6 Dodging
 - Level 2.0 Stealth
 - Level 5.0 Evocations


You had 10 spell levels left.
You didn't know any spells.
Your spell library contained the following spells:

 Spells                   Type           Power      Damage    Failure   Level
 Magic Dart               Conj           0%         1d3       28%         1
 Blink                    Tloc           0%         N/A       41%         2
 Cigotuvi's Dreadful Rot  Necr/Pois/Air  0%         N/A       41%         2
 Poisonous Vapours        Pois/Air       0%         N/A       41%         2
 Searing Ray              Conj           0%         2d4       41%         2
 Mephitic Cloud           Conj/Pois/Air  0%         N/A       65%         3
 Dispel Undead            Necr           0%         3d6       96%         4
 Fulminant Prism          Conj/Hex       0%         3d5       96%         4
 Manifold Assault         Tloc           0%         N/A       96%         4
 Freezing Cloud           Conj/Ice/Air   0%         6-21      100%        5
 Death Channel            Necr           0%         N/A       100%        6


Dungeon Overview and Level Annotations

Branches:
Dungeon (10/15)            Temple (1/1) D:6            Lair (0/5) D:9
    Orc: D:9-12

Altars:
Ashenzari
Cheibriados
Dithmenos
Fedhas
Gozag
Hepliaklqana
Kikubaaqudgha
Makhleb
Nemelex Xobeh
Okawaru
Qazlal
Ru
Sif Muna
Trog
Uskayaw
Vehumet
Wu Jian
Xom
Yredelemnul

Shops:
D:2 :   D:9 ((:

Annotations:
D:10 3 transporters


Innate Abilities, Weirdness & Mutations

You have sharp fingernails.
You are mostly covered in icy blue scales. (AC +3)
A demonic guardian rushes to your aid.
A meltable icy envelope protects you from harm. (AC +8)
A meltable shield of frost defends you. (SH +4)


Message History

The orcs go into a battle-frenzy!
You miss the orc warlord.
The orc warlord hits you with a +0 long sword!!
The orc warrior hits you but does no damage.
The ogre barely misses you.
You impale the orc warlord!!
The orc warlord is moderately wounded.
The orc warlord hits you with a +0 long sword!
The orc warrior hits you with a +0 war axe of pain!
* * * LOW HITPOINT WARNING * * *
Unknown command.
You are too confused!
Okay, then.
You feel better.
The ogre hits you with a +0 giant club!!
* * * LOW HITPOINT WARNING * * *
You block the orc warrior's attack. The orc warlord completely misses you.
As you read the scroll of fear, it crumbles to dust.
You assume a fearsome visage.
The orc warlord looks frightened!
The orc warrior looks frightened! x2; The orc looks frightened!
The ogre looks frightened!
The orc sorcerer looks frightened!
The ogre looks frightened!
The orc knight looks frightened!
The orc warrior looks frightened! x2; The orc looks frightened!
Okay, then.
Throw: 4 throwing nets
Press: ? - help, Shift-Dir - straight line, f - orc warlord
Aim: an orc warlord, wielding a +0 long sword and wearing a +0 plate armour of fire resistance (moderately wounded, durably summoned, fleeing, 72% to hit)
You throw a throwing net. The throwing net hits the orc warlord.
The orc warlord is caught in the net!
Your attack snaps the orc warlord out of its fear.
The orc warlord is moderately wounded.
Cornered, the orc warrior turns to fight!
Cornered, the orc sorcerer turns to fight!
The orc sorcerer casts a spell.
Cornered, the orc turns to fight!
The orc warlord struggles against the net.
As you read the scroll of teleportation, it crumbles to dust.
You feel strangely unstable.
The orc warrior hits you with a +0 war axe of pain.
You die... ## ##########. #...(...... #########.###.####. #o@ooo3O.o#

#.# ##
#.#######.###.# #
########## #O#
#.....# #
<........# #o#
####### #
.........# #o# #
..######.# #o# #
.## #.# ##.######
# .#
#.#####o......###
## .#
#........##.....#
#.


You could see an orc warlord (caught, fleeing), an orc knight (fleeing), a
neqoxec (summoned), an orc sorcerer (strong), 4 orc warriors, 2 ogres and 2
orcs.

Vanquished Creatures
  A two-headed ogre (D:8)
  Sonja (D:10)
  Pikel (D:7)
  An ugly thing (D:10)
  A manticore (D:10)
  An unseen horror (D:8)
  A troll (D:10)
  A merfolk (D:10)
  A hornet (D:9)
  8 yaks
  Menkaure (D:4)
  5 water moccasins
  3 orc warriors
  An ice beast (D:5)
  3 sky beasts
  4 ogres
  2 phantoms
  6 bullfrogs (D:9)
  A gnoll sergeant (D:8)
  4 scorpions
  4 howler monkeys
  3 hounds
  7 orc priests
  A gnoll bouda (D:7)
  2 jellies
  3 iguanas
  8 orc wizards
  7 gnolls
  10 adders
  3 orc zombies (D:6)
  2 shadow imps
  3 white imps
  An ufetubus (D:5)
  3 dart slugs
  32 orcs
  9 ball pythons
  3 bats
  4 endoplasms
  6 giant cockroaches
  5 goblins
  A hobgoblin (D:2)
  3 quokkas
  4 frilled lizards
  2 kobolds (D:1)
  2 rats (D:1)
175 creatures vanquished.

Vanquished Creatures (collateral kills)
  A steam dragon (D:9)
  A black bear (D:9)
  3 howler monkeys (D:9)
5 creatures vanquished.

Grand Total: 180 creatures vanquished

Notes
Turn   | Place    | Note
-------+----------+-------------------------------------------
     0 | D:1      | Newt the Demonspawn Gladiator began the quest for the Orb.
     0 | D:1      | Reached XP level 1. HP: 16/16 MP: 1/1
   197 | D:1      | Gained mutation: A meltable shield of frost defends you.
                  | (SH +4) [demonic ancestry]
   197 | D:1      | Reached XP level 2. HP: 23/23 MP: 2/2
   791 | D:2      | Reached XP level 3. HP: 26/27 MP: 3/3
   986 | D:2      | Reached skill level 1 in Stealth
  1051 | D:2      | Found Lohuux's Book Emporium.
  1122 | D:2      | Found an iron altar of Okawaru.
  1287 | D:2      | Reached XP level 4. HP: 37/37 MP: 4/4
  1348 | D:2      | Became a worshipper of Warmaster Okawaru
  2502 | D:4      | Noticed a phantom
  2536 | D:4      | Killed a phantom
  2537 | D:4      | Gained mutation: A meltable icy envelope protects you from
                  | harm. (AC +8) [demonic ancestry]
  2537 | D:4      | Reached XP level 5. HP: 16/42 MP: 5/5
  2804 | D:4      | Gained mutation: You are partially covered in icy blue
                  | scales. (AC +2) [demonic ancestry]
  2804 | D:4      | Reached XP level 6. HP: 50/50 MP: 6/6
  2824 | D:4      | Reached * piety under Okawaru
  2825 | D:4      | Reached skill level 5 in Fighting
  2944 | D:4      | Identified the +8 spear of the Distant Future {flame, rC+
                  | rN+}
  3323 | D:4      | Noticed a sky beast
  3323 | D:4      | Noticed a water moccasin
  3335 | D:4      | Killed a water moccasin
  3336 | D:4      | Reached skill level 1 in Polearms
  3345 | D:4      | Killed a sky beast
  3346 | D:4      | Reached skill level 2 in Polearms
  3346 | D:4      | Gained mutation: You have sharp fingernails. [demonic
                  | ancestry]
  3346 | D:4      | Reached XP level 7. HP: 40/58 MP: 7/7
  3765 | D:5      | Entered Level 5 of the Dungeon
  3818 | D:5      | Reached skill level 3 in Polearms
  3827 | D:5      | Reached ** piety under Okawaru
  3903 | D:5      | Reached skill level 4 in Polearms
  4126 | D:5      | Noticed Menkaure
  4139 | D:4      | Killed Menkaure
  4140 | D:4      | Reached skill level 5 in Polearms
  4140 | D:4      | Gained mutation: A meltable icy envelope protects you from
                  | harm. (AC +8) [demonic ancestry]
  4140 | D:4      | Reached XP level 8. HP: 16/64 MP: 8/8
  4619 | D:5      | Reached *** piety under Okawaru
  4620 | D:5      | Reached skill level 6 in Polearms
  4846 | D:6      | Found an ancient bone altar of Kikubaaqudgha.
  4846 | D:6      | Found a radiant altar of Vehumet.
  4846 | D:6      | Found a basalt altar of Yredelemnul.
  4919 | D:6      | Found a transporter.
  4921 | D:6      | Found a staircase to the Ecumenical Temple.
  4938 | D:6      | Reached skill level 7 in Polearms
  5275 | D:6      | Reached skill level 8 in Polearms
  5386 | D:6      | Found a transporter.
  5841 | D:7      | Gained mutation: A weak demonic guardian rushes to your
                  | aid. [demonic ancestry]
  5841 | D:7      | Reached XP level 9. HP: 61/69 MP: 9/9
  5914 | D:7      | Reached **** piety under Okawaru
  5927 | D:7      | Noticed Pikel
  5952 | D:7      | Reached skill level 9 in Polearms
  5960 | D:7      | Killed Pikel
  6443 | D:8      | Received a gift from Okawaru
  6484 | D:8      | Reached skill level 5 in Evocations
  6659 | D:8      | Killed an unseen horror
  7009 | D:8      | Noticed a two-headed ogre
  7020 | D:8      | Killed a two-headed ogre
  7020 | D:8      | Reached ***** piety under Okawaru
  7021 | D:8      | Gained mutation: A demonic guardian rushes to your aid.
                  | [demonic ancestry]
  7021 | D:8      | Reached XP level 10. HP: 50/82 MP: 10/10
  7233 | Temple   | Entered the Ecumenical Temple
  7368 | Temple   | Fell from the grace of Okawaru
  7368 | Temple   | Became a worshipper of Hepliaklqana the Forgotten
  7559 | D:9      | Reached skill level 10 in Fighting
  7592 | D:9      | Found a staircase to the Lair.
  7832 | D:9      | Found Jairimid's Weapon Emporium.
  7833 | D:9      | Found Vuketas's Antique Weapon Emporium.
  7835 | D:9      | Found Homien's Book Emporium.
  7841 | D:9      | Bought a bone spear for 232 gold pieces
  7841 | D:9      | Identified the +10 spear "Onunoikhi" {heavy, rPois} (You
                  | bought it in a shop on level 9 of the Dungeon)
  7843 | D:9      | Noticed a naga warrior
  7843 | D:9      | Noticed a naga ritualist
  7843 | D:9      | Noticed a naga ritualist
  7843 | D:9      | Noticed a minotaur
  7843 | D:9      | Noticed a merfolk impaler
  7869 | D:9      | Noticed a gargoyle
  7871 | D:9      | Noticed a gargoyle
  7894 | D:10     | Entered Level 10 of the Dungeon
  8303 | D:10     | Reached skill level 10 in Polearms
  8377 | D:10     | Noticed a manticore
  8386 | D:10     | Killed a manticore
  8503 | D:10     | Noticed a purple ugly thing
  8513 | D:10     | Killed a purple ugly thing
  8514 | D:10     | Reached skill level 11 in Polearms
  8552 | D:10     | Found a transporter.
  8591 | D:10     | Found a transporter.
  8658 | D:10     | Noticed Sonja
  8667 | D:10     | Killed Sonja
  8668 | D:10     | Gained mutation: You are mostly covered in icy blue scales.
                  | (AC +3) [demonic ancestry]
  8668 | D:10     | Reached XP level 11. HP: 86/90 MP: 11/11
  8681 | D:10     | Found a transporter.
  8717 | D:10     | Noticed an orc warlord
  8717 | D:10     | Noticed an orc sorcerer
  8717 | D:10     | Noticed an orc knight
  8724 | D:10     | HP: 3/90 [ogre/+0 giant club[the fury of Okawaru] (21)]
  8727 | D:10     | Slain by an orc warrior

Illustrated notes

Levels and vault maps discovered:
D:1:      dpeg_arrival_houses_and_road, layout_loops_ring
D:2:      layout_basic, basic_altar, serial_forest,
          infiniplex_forest_clump_diagonal, infiniplex_forest_zigzag_1,
          infiniplex_forest_clump_medium, infiniplex_forest_straight_3,
          infiniplex_forest_clump_medium, infiniplex_forest_straight_2,
          serial_shops, shop
D:3:      layout_basic, glass_columns_b
D:4:      layout_loops_corners
D:5:      layout_rooms, uniq_menkaure
D:6:      gammafunk_cloud_chamber, layout_basic, grunt_temple_overflow_open,
          minmay_temple_entry_stoned_glass
D:7:      layout_layer_cave, uniq_pikel
D:8:      layout_rooms, serial_bayou_crossing
D:9:      layout_cave_pools, due_lair_maze_entry_diamond,
          nicolae_shop_distant_corner_stores,
          dilly_guarded_unrand_elemental_staff
D:10:     layout_loops_ring, hangedman_decor_opposing,
          nicolae_diode_intersection, uniq_sonja
Temple:   mainiacjoe_temple_coin_purse

Skill      XL: |  1  2  3  4  5  6  7  8  9 10 |
---------------+-------------------------------+-----
Fighting       | 3 4 6 8 10 | 10.0
Stealth        | 1 2 |  2.0
Short Blades   | 4 |  4.0
Polearms       | 2 5 8 9 11 | 11.4
Evocations     | 5 |  5.0
Throwing       | |  1.7
Dodging        | |  2.6

Action                     |  1- 3 |  4- 6 |  7- 9 | 10-12 || total
---------------------------+-------+-------+-------+-------++-------
  Melee: Rapier            |    73 |       |       |       ||    73
         Dagger            |    47 |    80 |       |       ||   127
         Punch             |     1 |     4 |     4 |       ||     9
         Spear             |       |    32 |   263 |   150 ||   445
  Throw: Throwing net      |       |     1 |     1 |     3 ||     5
  Evoke: Wand              |       |     1 |       |       ||     1
    Use: Scroll            |     5 |     1 |     7 |     8 ||    21
         Potion            |       |     1 |       |     3 ||     4
   Stab: Sleeping          |     2 |     3 |     3 |     5 ||    13
         Distracted        |       |     1 |       |     1 ||     2
 Armour: Leather armour    |    31 |    18 |    52 |    38 ||   139
         Skin              |       |     6 |       |       ||     6
  Dodge: Dodged            |    58 |    28 |    58 |    42 ||   186
  Block: Other             |    23 |    30 |    45 |    28 ||   126
         Reflection        |       |       |     3 |     1 ||     4

Table legend: (Time is in decaauts)
 A = Elapsed time spent in this place.
 B = Non-inter-level travel time spent in this place.
 C = Inter-level travel time spent in this place.
 D = Time resting spent in this place.
 E = Time spent auto-exploring this place.
 F = Levels seen in this place.
 G = Mean time per level.
                   A        B        C        D        E       F      G
               +--------+--------+--------+--------+--------+-----+--------+
         Total |   8609 |   8043 |    566 |   1732 |   5056 |  11 |  782.6 |
       Dungeon |   8464 |   7926 |    538 |   1732 |   4954 |  10 |  846.4 |
        Temple |    144 |    117 |     27 |      0 |    102 |   1 |  144.0 |
               +--------+--------+--------+--------+--------+-----+--------+

Top non-repeatable levels by time:
     D:4: 1666 daAuts
     D:6: 966 daAuts
     D:2: 912 daAuts
     D:8: 844 daAuts
    D:10: 821 daAuts
     D:1: 777 daAuts
     D:3: 762 daAuts
     D:5: 705 daAuts
     D:7: 608 daAuts
     D:9: 400 daAuts
  Temple: 144 daAuts
